 Dungeon Crawl Stone Soup version 0.27.1-34-g3ba077fa99 (webtiles) character file.

Game seed: 14620448789599990958

450 pkoi the Insei (level 6, -1/45 HPs)
             Began as a Draconian Monk on Jan 7, 2022.
             Was a Believer of Hepliaklqana.
             Succumbed to Dowan's poison
             ... on level 4 of the Dungeon.
             The game lasted 00:03:42 (3298 turns).

pkoi the Insei (Draconian Monk)                     Turns: 3298, Time: 00:03:42

Health: -1/45      AC:  7    Str: 13    XL:     6   Next: 74%
Magic:  6/6        EV: 12    Int: 13    God:    Hepliaklqana [**....]
Gold:   84         SH:  0    Dex: 13    Spells: 5/5 levels left

rFire    . . .     SeeInvis .     - Unarmed
rCold    . . .     Faith    .   (no shield)
rNeg     . . .     Spirit   .   (armour unavailable)
rPois    .         Reflect  .   (helmet restricted)
rElec    .         Harm     .   (no cloak)
rCorr    .         Rampage  .   (no gloves)
Will     .....                  q - +0 pair of boots
Stlth    ++........             (no amulet)
HPRegen  0.15/turn              (no ring)
MPRegen  0.10/turn              (no ring)

@: lethally poisoned (-1 -> -16)
A: reduced essence, AC +6, unfitting armour, cold-blooded
a: Renounce Religion, Recall Ancestor, Ancestor Identity


You were on level 4 of the Dungeon.
You worshipped Hepliaklqana.
Hepliaklqana was pleased with you.
You visited 2 branches of the dungeon, and saw 5 of its levels.

You collected 84 gold pieces.

Inventory:

Hand Weapons
 b - a +0 dagger
 l - a +6 scythe of venom
Missiles
 j - 11 poisoned darts (quivered)
Armour
 q - a +0 pair of boots (worn)
Wands
 i - a wand of mindburst (9)
Potions
 a - a potion of might {unknown}
 d - 2 potions of cancellation {unknown}
 k - a potion of brilliance {unknown}
 n - a potion of ambrosia {unknown}


   Skills:
 - Level 3.2 Fighting
 - Level 2.6 Dodging
 - Level 1.7 Stealth
 * Level 7.0 Unarmed Combat
 - Level 3.0 Evocations


You had 5 spell levels left.
You didn't know any spells.
Your spell library contained the following spells:

 Spells                   Type           Power      Damage    Failure   Level
 Sting                    Tmut/Pois      0%         1d3       30%         1
 Poisonous Vapours        Pois/Air       0%         N/A       43%         2
 Olgreb's Toxic Radiance  Pois           0%         N/A       97%         4


Dungeon Overview and Level Annotations

Branches:
Dungeon (4/15)             Temple (1/1) D:4

Altars:
Ashenzari
Fedhas
Gozag
Hepliaklqana
Kikubaaqudgha
Nemelex Xobeh
Ru
Sif Muna
Trog
Uskayaw
Xom
Yredelemnul
Zin

Annotations:
D:3 3 runed translucent doors, Crazy Yiuf
D:4 Duvessa


Innate Abilities, Weirdness & Mutations

Your life essence is reduced to manifest your ancestor. (-10% HP)
Your plain brown scales are hard. (AC +6)
You cannot fit into any form of body armour.
You are cold-blooded and may be slowed by cold attacks.


Message History

You are lethally poisoned!
The goblin barely misses you.
You closely miss the adder.
* * * LOW HITPOINT WARNING * * *
You feel very sick.
Tiberia completely misses Dowan.
The adder barely misses you. Dowan barely misses you.
Unknown command.
Aiming: Mindburst
Press: ? - help, Shift-Dir - straight line, f - Duvessa
Aim: Duvessa, wielding a +0 short sword and wearing a +0 leather armour (chance to affect: 62%) Duvessa's mind is blasted!
* * * LOW HITPOINT WARNING * * *
You feel very sick. The goblin hits you but does no damage.
Dowan hits you with a +3 dagger of venom.
* * * LOW HITPOINT WARNING * * *
The adder bites you but does no damage.
Tiberia hits Dowan with a +0 flail!
Unknown command.
Aiming: Mindburst
Press: ? - help, Shift-Dir - straight line, f/p - Duvessa
Aim: Duvessa, wielding a +0 short sword and wearing a +0 leather armour (heavily wounded, chance to affect: 62%)
The goblin's mind is blasted!
You blow up the goblin!
* * * LOW HITPOINT WARNING * * *
You feel very sick. Dowan barely misses you. The adder bites you.
* * * LOW HITPOINT WARNING * * *
A quokka comes into view.
Tiberia hits Dowan with a +0 flail!
Dowan dies!
Duvessa screams in rage.
Duvessa goes berserk!
The adder bites you but does no damage.
You hear an angry hiss.
Your Unarmed Combat skill increases to level 7!
Aiming: Mindburst
Press: ? - help, Shift-Dir - straight line, f/p - Duvessa
Aim: Duvessa, wielding a +0 short sword and wearing a +0 leather armour (heavily wounded, berserk, chance to affect: 62%) Duvessa resists with significant effort.
You die...

*,,*,,,,,,,,,,,,* *****
***,,,**,,,,,,*** **,,,*
*,*##*,,,,,,,** *,,,,###*
**#.#*,,,,,,,,, **,*,...##*
#####..#.,,,,,,,,.
*,...,....###........,,,,,,,,.
*,....,#..$#..†.....r,,,,,,,,.
**....##...#.........,,,,,,,,.
*** *,#.....#..)@)e.....,,,,,,,,.
*,****.........R.S......,,,,,,,,#
,,,* #.*##..............#*,,,,,,.
,,,* #.*#...............##.,*#...
,,.###.##.##.##............###...
,,.[#.........#..................
,,.............................##
,,..#..⌠...⌠..#..................
,,..#.........#................##


You could see the friendly Tiberia the knight, Duvessa (berserk), an adder (ally
target) and a quokka.

Vanquished Creatures
  Sigmund (D:2)
  A black bear (D:4)
  A hound (D:4)
  4 adders
  A worm (D:2)
  4 dart slugs
  6 orcs (D:3)
  4 ball pythons
  3 bats (D:2)
  6 endoplasms
  2 giant cockroaches
  6 hobgoblins
  8 kobolds
  A quokka (D:1)
  3 frilled lizards (D:2)
  7 goblins
  6 rats
64 creatures vanquished.

Vanquished Creatures (collateral kills)
  Dowan (D:4)
1 creature vanquished.

Grand Total: 65 creatures vanquished

Notes
Turn   | Place    | Note
-------+----------+-------------------------------------------
     0 | D:1      | pkoi the Draconian Monk began the quest for the Orb.
     0 | D:1      | Reached XP level 1. HP: 19/19 MP: 1/1
   456 | D:1      | Reached XP level 2. HP: 26/26 MP: 2/2
  1061 | D:1      | Reached skill level 4 in Unarmed Combat
  1524 | D:2      | Reached XP level 3. HP: 30/31 MP: 3/3
  1631 | D:2      | Found a faded altar of an unknown god.
  1889 | D:2      | Noticed Sigmund
  1892 | D:2      | Killed Sigmund
  1893 | D:2      | Reached skill level 5 in Unarmed Combat
  1893 | D:2      | Reached XP level 4. HP: 38/38 MP: 4/4
  1893 | D:2      | Reached XP level 5. HP: 45/45 MP: 5/5
  2202 | D:3      | Found a large runed translucent door.
  2202 | D:3      | Found a large runed translucent door.
  2293 | D:3      | Reached skill level 6 in Unarmed Combat
  2571 | D:3      | Found a runed translucent door.
  2572 | D:3      | Noticed Crazy Yiuf
  2666 | D:4      | Found a broken altar of Ashenzari.
  2708 | D:4      | Reached XP level 6. HP: 51/51 MP: 6/6
  2831 | D:4      | Found a staircase to the Ecumenical Temple.
  2846 | D:4      | HP: 2/51 [black bear (4)]
  3143 | Temple   | Entered the Ecumenical Temple
  3249 | Temple   | Became a worshipper of Hepliaklqana the Forgotten
  3249 | Temple   | Reached * piety under Hepliaklqana
  3249 | Temple   | Reached ** piety under Hepliaklqana
  3250 | Temple   | Remembered your ancestor Tiberia as a knight
  3285 | D:4      | Noticed Dowan
  3287 | D:4      | Noticed Duvessa
  3297 | D:4      | Killed Dowan
  3298 | D:4      | Reached skill level 7 in Unarmed Combat
  3298 | D:4      | Succumbed to Dowan's poison

Illustrated notes

Levels and vault maps discovered:
D:1:      wander_arrival_desolate, layout_basic
D:2:      layout_basic, shapermc_ecumenical_altar_venn, uniq_sigmund
D:3:      layout_rooms, jmf_multi_god_temple2, uniq_crazy_yiuf_cottage
D:4:      layout_cave_pools, kennysheep_mini_moat, nicolae_ashenzari_panopticon,
          minmay_temple_entry_large_hall, uniq_duvessa
Temple:   nicolae_temple_hex_pool

Skill      XL: |  1  2  3  4  5  6 |
---------------+-------------------+-----
Unarmed Combat | 4 5 6 7 |  7.0
Evocations     | 2 3 |  3.0
Fighting       | |  3.2
Dodging        | |  2.6
Stealth        | |  1.7

Action                   |  1- 3 |  4- 6 || total
-------------------------+-------+-------++-------
Melee: Unarmed           |   116 |     1 ||   117
       Tailslap          |     4 |     2 ||     6
       Punch             |     1 |       ||     1
       Scythe            |       |    40 ||    40
Invok: Ancestor Life: Kn |       |     1 ||     1
       Ancestor Identity |       |     1 ||     1
Evoke: Wand              |     3 |     3 ||     6
  Use: Scroll            |       |     8 ||     8
       Potion            |       |     2 ||     2
 Stab: Sleeping          |     7 |     4 ||    11
Armor: Skin              |    20 |    25 ||    45
Dodge: Dodged            |    72 |    31 ||   103
